 Dungeon Crawl Stone Soup version 0.29-a0-732-g3d7fbe0af2 (webtiles) character file.

Game seed: 8777599368922859051

103 buhh the Trooper (level 4, -5/34 HPs)
             Began as an Octopode Transmuter on June 29, 2022.
             Killed by nerve-wracking pain
             ... invoked by Grinder
              (7 damage)
             ... on level 3 of the Dungeon.
             The game lasted 00:04:37 (2392 turns).

buhh the Trooper (Octopode Transmuter)              Turns: 2392, Time: 00:04:37

Health: -5/34      AC:  1    Str:  9    XL:     4   Next: 79%
Magic:  6/7        EV: 13    Int: 17    God:
Gold:   146        SH:  0    Dex: 12    Spells: 6/7 levels left

rFire   . . .      SeeInvis .     - Unarmed
rCold   . . .      Faith    .   (no shield)
rNeg    . . .      Spirit   .   (helmet currently unavailable)
rPois   .          Reflect  .   (no amulet)
rElec   .          Harm     .   (no ring)
rCorr   .          Rampage  .   (no ring)
Will    .....                   (no ring)
Stlth   +++.......              (no ring)
HPRegen 0.11/turn               (no ring)
MPRegen 0.10/turn               (no ring)
                                (no ring)
                                (no ring)

@: appendages
A: tentacle spike 3, almost no armour, amphibious, 8 rings, camouflage 1,
gelatinous body 1, (nimble swimmer 1), tentacles
a: End Transformation


You were on level 3 of the Dungeon.
One of your tentacles had grown a beastly spike.
You visited 1 branch of the dungeon, and saw 3 of its levels.

You collected 146 gold pieces.

Inventory:

Missiles
 l - 2 poisoned darts
Jewellery
 f - a ring of ice
Scrolls
 d - a scroll of brand weapon {unknown}
 e - a scroll of acquirement {unknown}
 g - a scroll of identify {!d}
 i - a scroll of vulnerability
Potions
 a - 2 potions of cancellation {unknown}
 b - 3 potions of attraction {unknown}
 c - a potion of curing {unknown}
 k - a potion of mutation {unknown}
 m - a potion of ambrosia {unknown}
 L - 2 potions of resistance {!q!d}


   Skills:
 + Level 4.3 Fighting
 - Level 2.0 Dodging
 - Level 1.0 Stealth
 - Level 3.0 Unarmed Combat
 - Level 2.0 Spellcasting
 - Level 2.0 Transmutations


You had 6 spell levels left.
You knew the following spells:

 Your Spells              Type           Power      Damage    Failure   Level
a - Beastly Appendage     Tmut           16%        N/A       9%          1

Your spell library contained the following spells:

 Spells                   Type           Power      Damage    Failure   Level
 Wereblood                Tmut           8%         N/A       13%         2
 Necrotize                Necr           4%         1d4       19%         1
 Spider Form              Tmut/Pois      5%         N/A       36%         3
 Vampiric Draining        Necr           1%         2d6       50%         3
 Ice Form                 Ice/Tmut       5%         N/A       77%         4
 Corpse Rot               Necr/Pois/Air  1%         N/A       88%         4
 Dispel Undead            Necr           1%         3d6       88%         4
 Agony                    Necr           1%         N/A       99%         5
 Death Channel            Necr           0%         N/A       100%        6


Dungeon Overview and Level Annotations

Branches:
Dungeon (3/15) Zot: 15612

Altars:

Annotations:
D:2 exclusion: goblin, Sigmund
D:3 Grinder


Innate Abilities, Weirdness & Mutations

One of your tentacles has grown a beastly spike.
You cannot wear most types of armour.
You are amphibious.
You can wear up to eight rings at the same time.
Your skin changes colour to match your surroundings (Stealth+).
Your rubbery body absorbs attacks. (AC +1, EV +1)
((You are camouflaged when in or above water. (Stealth+)))
You have tentacles for arms and can constrict up to eight enemies at once.


Message History

You suddenly lose the ability to move!
Grinder gestures at you. You resist with significant effort.
Grinder blinks!
You can move again.
Casting: Beastly Appendage (safe; 9% risk of failure)
Press: ? - help, Q - select action, (/) - cycle Dir - look around, f - activate One of your tentacles grows a vicious spike.
e - a scroll labelled COEGAM SETZUWK Your transformation is almost over.
There is a stone staircase leading up here.
Your tentacle spike disappears.
Grinder blinks!
Casting: Beastly Appendage (safe; 9% risk of failure)
Press: ? - help, Q - select action, (/) - cycle Dir - look around, f - activate One of your tentacles grows a vicious spike.
Grinder gestures at you.
You suddenly lose the ability to move!
Grinder gestures at you. Pain shoots through your body!
You can move again.
Grinder gestures at you.
You shrug off the repeated paralysis!
Grinder gestures at you. Pain shoots through your body!
You tentacle-slap Grinder but do no damage.
Your grab misses Grinder.
Your tentacle spike misses Grinder.
Grinder is severely wounded.
Grinder hits you!
You completely miss Grinder. Your grab misses Grinder.
You squeeze Grinder, but do no damage.
Grinder is severely wounded.
Grinder hits you!
* * * LOW HITPOINT WARNING * * *
You tentacle-slap Grinder. Your grab misses Grinder.
You pierce Grinder, but do no damage.
You squeeze Grinder.
Grinder is almost dead.
Grinder gestures at you. Pain shoots through your body!
You die...

,,,,,,,...........P♣_P.>...#.#,*
,,*****#######..#♣.♣.P♣###.###,*
,,,,,,,,,,...#....[P.♣..,#.#,,,*
,,,******###.###.#..♣..#.#.#,***
,,,* *,,,..................#,*
,,,***,,,........#####.#.###,*
*,,,,,,,,.........# #.#.# *,*
*,,,,*,,,..)......####.#.# *,#
*,,,,*,,,......5@........# *.####
*,,,,*,,,........#.###.#####.....
*,,,,*,,,....#.#...#.........####
**,*,*,,,....#.#.#.#.#.##........
**+*,*,,,...,#....<#.#....#.$...#
*,,,,,******,#...#.#.#.##.#....#.
*,,,,,******,#.###.#.#.##§.#,.#..
*,,,,,,,,,,,,#.......#...)..#*#,.
*,,,,,*******######..#.#.....#**,


You could see Grinder.

Vanquished Creatures
  Terence (D:2)
  Robin (D:2)
  2 adders (D:2)
  A dart slug (D:1)
  3 ball pythons
  4 endoplasms
  3 giant cockroaches
  10 goblins
  2 hobgoblins (D:2)
  3 kobolds
  3 quokkas
  2 bats (D:1)
  3 frilled lizards
  8 rats (D:1)
46 creatures vanquished.

Vanquished Creatures (others)
  2 withered plants (D:3)
2 creatures vanquished.

Grand Total: 48 creatures vanquished

Notes
Turn   | Place    | Note
-------+----------+-------------------------------------------
     0 | D:1      | buhh the Octopode Transmuter began the quest for the Orb.
     0 | D:1      | Reached XP level 1. HP: 13/13 MP: 3/3
   134 | D:1      | Reached XP level 2. HP: 19/19 MP: 3/5
   147 | D:1      | Reached skill level 2 in Fighting
   757 | D:1      | Reached XP level 3. HP: 25/25 MP: 4/6
   800 | D:1      | You fall into a shaft and drop 1 floor!
   850 | D:2      | Noticed Terence
   857 | D:2      | Killed Terence
   858 | D:2      | Reached skill level 3 in Fighting
   860 | D:2      | Reached XP level 4. HP: 33/33 MP: 7/7
  1213 | D:2      | Noticed Sigmund
  1587 | D:2      | Noticed Robin
  1589 | D:2      | Reached skill level 4 in Fighting
  1619 | D:2      | Killed Robin
  2048 | D:3      | Found a faded altar of an unknown god.
  2144 | D:3      | Noticed Grinder
  2145 | D:3      | Paralysed by Grinder for 3 turns
  2361 | D:3      | Paralysed by Grinder for 5 turns
  2385 | D:3      | Paralysed by Grinder for 2 turns
  2392 | D:3      | Killed from afar by Grinder

Illustrated notes

Levels and vault maps discovered:
D:1:      dpeg_arrival_ratfight, layout_basic, minmay_pentomino_x4
D:2:      layout_loops_ring, dk_noncrumbling_2, uniq_sigmund, uniq_robin,
          uniq_terence
D:3:      layout_basic, ebering_ecumenical_altar_petrified,
          minmay_misc_feat_chi, uniq_grinder

Skill      XL: |  1  2  3  4 |
---------------+-------------+-----
Stealth        | 1 |  1.0
Fighting       | 2 3 4 |  4.3
Dodging        | |  2.0
Unarmed Combat | |  3.0
Spellcasting   | |  2.0
Transmutations | |  2.0

Action                   |  1- 3 |  4- 6 || total
-------------------------+-------+-------++-------
Melee: Unarmed           |    49 |    53 ||   102
       Constrict         |    11 |    13 ||    24
       Tentacles         |     9 |    14 ||    23
       Kick              |     9 |    13 ||    22
       Punch             |     3 |     1 ||     4
 Cast: Beastly Appendage |    14 |    17 ||    31
  Use: Potion            |     1 |       ||     1
       Scroll            |       |     5 ||     5
 Stab: Sleeping          |     8 |     4 ||    12
Armor: Skin              |     8 |     1 ||     9
Dodge: Dodged            |    21 |    37 ||    58

Table legend: (Time is in decaauts)
 A = Elapsed time spent in this place.
 B = Non-inter-level travel time spent in this place.
 C = Inter-level travel time spent in this place.
 D = Time resting spent in this place.
 E = Time spent auto-exploring this place.
 F = Levels seen in this place.
 G = Mean time per level.
                   A        B        C        D        E       F      G
               +--------+--------+--------+--------+--------+-----+--------+
         Total |   2386 |   2357 |     29 |    275 |   1647 |   3 |  795.3 |
       Dungeon |   2386 |   2357 |     29 |    275 |   1647 |   3 |  795.3 |
               +--------+--------+--------+--------+--------+-----+--------+

Top non-repeatable levels by time:
     D:2: 1401 daAuts
     D:1: 797 daAuts
     D:3: 188 daAuts
